AoeStats
← alexh30

Scandinavia

510438539Analyzed
1v1 RM · 2d ago on Oct 1, 2026· 20m 5s· 2 players
Game mode
Random Map
Map size
Tiny (2 player)
Population
200
Speed
Normal
Resources
Standard
Victory
Conquest
Starting age
Dark Age
Ending age
Imperial Age
RankedLock teamsTeams togetherTeam positionsShared explorationLock speedFull tech treeHidden civsTurbo modeCheats
Victory
Defeat
🇺🇸 Britons · United States
1024
+17
🇺🇸 Armenians · United States
1044
-17
alexh30
7:25 Loom
9:58 Feudal Age
11:04 Double-Bit Axe
11:15 Horse Collar
16:27 Fletching
bridges1992
0:27 Loom
10:43 Feudal Age
10:56 Man-at-Arms
11:39 Double-Bit Axe
11:36 Long Swordsman
13:19 Scale Mail Armor
14:24 Fletching
22:26 Castle Age
Connection lost

Rejoining the realm…

Still unreachable

The connection could not be restored.

Session expired

The server has moved on; the page needs a fresh start.